 Dungeon Crawl Stone Soup version 0.18.1-5-g4a78601 (webtiles) character file.

1793045 Nightblair the Minotaur Barricade (level 27, 245/273 HPs)
             Began as a Minotaur Berserker on May 11, 2016.
             Was the Champion of Trog.
             Escaped with the Orb
             ... and 3 runes on May 12, 2016!
             The game lasted 03:16:37 (65670 turns).

Nightblair the Minotaur Barricade (MiBe)           Turns: 65670, Time: 03:16:38

Health: 245/273    AC: 47    Str: 37    XL:     27
Magic:  31/31      EV: 22    Int:  4    God:    Trog [******]
Gold:   4713       SH: 36    Dex: 18    Spells: 0 memorised, 26 levels left

rFire  + . .     SeeInvis .     a - +9 demon blade (venom)
rCold  + . .     Gourm    .     P - +9 armour of the Dragon King {rPois rF+ rC+ MR+}
rNeg   + + .     Faith    .     W - +6 large shield
rPois  +         Spirit   .     (helmet unavailable)
rElec  +         Dismiss  +     O - +2 cloak
rCorr  +         Reflect  .     z - +2 pair of gloves {Dex+3}
SustAt +         Harm     .     E - +2 pair of boots {Stlth+}
MR     +++++                    b - amulet of the Rabble {Dismiss rN++ MR++ MP+9}
Stlth  ..........               C - ring "Voddaat" {SustAt rElec MR+ Slay+3 Stlth-}
                                e - ring of Jischitwi {rCorr Str+7 Stlth-}

@: almost entirely resistant to hostile enchantments, extremely unstealthy
A: retaliatory headbutt, horns 3, clumsy 1, deterioration 1, slow regeneration
1, strong 1
a: Berserk, Trog's Hand, Brothers in Arms, Burn Spellbooks, Renounce Religion
0: Orb of Zot
}: 3/15 runes: decaying, serpentine, silver


You escaped.
You worshipped Trog.
Trog was exalted by your worship.
You were not hungry.

You visited 10 branches of the dungeon, and saw 52 of its levels.
You visited the Abyss 1 time.
You visited 1 bazaar.
You also visited: Ossuary and Ice Cave.

You collected 6857 gold pieces.
You spent 2144 gold pieces at shops.

Inventory:

Hand Weapons
 a - a +9 demon blade of venom (weapon)
 r - the +7 falchion of Uhiuqine {slice, rElec Int+2 Stlth+}
   (Trog gifted it to you on level 5 of the Depths)

   It inflicts extra damage upon your enemies.
   It affects your intelligence (+2).
   It insulates you from electricity.
   It makes you more stealthy.
Armour
 z - a +2 pair of gloves of dexterity (worn)
 E - a +2 pair of boots of stealth (worn)
 O - a +2 cloak (worn)
 P - the +9 armour of the Dragon King (worn) {rPois rF+ rC+ MR+}
   (You found it on level 10 of the Dungeon)

   It protects you from fire.
   It protects you from cold.
   It protects you from poison.
   It affects your resistance to hostile enchantments.
 W - a +6 large shield (worn)
Jewellery
 b - the amulet of the Rabble (around neck) {Dismiss rN++ MR++ MP+9}
   (You bought it in a shop in a bazaar)

   [amulet of dismissal]

   It may teleport away creatures that harm you.
   It greatly protects you from negative energy.
   It affects your resistance to hostile enchantments.
   It affects your magic capacity (+9).
 e - the ring of Jischitwi (left hand) {rCorr Str+7 Stlth-}
   (You bought it in a shop in a bazaar)

   [ring of resist corrosion]

   It affects your strength (+7).
   It makes you less stealthy.
 C - the ring "Voddaat" (right hand) {SustAt rElec MR+ Slay+3 Stlth-}
   (You took it off a deep elf demonologist on level 3 of the Elven Halls)

   [ring of sustain attributes]

   It sustains your strength, intelligence and dexterity.
   It affects your accuracy and damage with ranged weapons and melee attacks
   (+3).
   It insulates you from electricity.
   It affects your resistance to hostile enchantments.
   It makes you less stealthy.
 K - an uncursed ring of protection from fire
 Q - the ring of Shadows {Umbra +Inv rN+ SInv}
   (You bought it in a shop on level 2 of the Depths)

   [ring of positive energy]

   It protects you from negative energy.
   It lets you see invisible.
   It lets you turn invisible.
 T - the ring of Dawn {rPois rC++ MP-9 SInv Stlth-}
   (You found it on level 3 of the Elven Halls)

   [ring of loudness]

   It greatly protects you from cold.
   It protects you from poison.
   It affects your magic capacity (-9).
   It lets you see invisible.
   It makes you less stealthy.
Wands
 t - a wand of digging (11/24)
 x - a wand of hasting (5/9)
 y - a wand of flame (33/48)
 B - a wand of hasting (6/9)
Scrolls
 f - 7 scrolls of fear
 h - 5 scrolls of fog
 n - 5 scrolls of recharging
 o - 3 scrolls of magic mapping
 u - 2 scrolls of summoning
 w - 3 scrolls of enchant weapon
 D - 11 scrolls of teleportation
 J - 8 scrolls of identify
 S - a scroll of blinking
 U - 3 scrolls of silence
 X - 13 scrolls of remove curse
 Y - a scroll of holy word
Potions
 d - 2 potions of berserk rage
 j - 27 potions of curing
 k - a potion of ambrosia
 l - a potion of cancellation
 m - 7 potions of resistance
 p - a potion of brilliance
 q - 6 potions of might
 v - 11 potions of agility
 A - 8 potions of heal wounds
 F - a potion of cure mutation
 H - 2 potions of magic
 I - a potion of invisibility
 R - 5 potions of haste
Books
 N - a book of Ice

   Spells                             Type                      Level
   a - Ice Form                       Ice/Transmutation            4
   b - Metabolic Englaciation         Hexes/Ice                    5
   c - Ozocubu's Refrigeration        Ice                          6
   d - Bolt of Cold                   Conjuration/Ice              6
   e - Freezing Cloud                 Conjuration/Ice/Air          6
   f - Simulacrum                     Ice/Necromancy               6
   Trog disapproves of the use of such an item.
Miscellaneous
 i - a legendary deck of wonders {drawn: 1}
 s - 3 phantom mirrors
 M - a legendary deck of summoning {the Elements}
 V - a legendary deck of defence {drawn: 1}
 Z - a box of beasts
Comestibles
 c - 31 bread rations
 g - 19 meat rations


   Skills:
 O Level 27 Fighting
 O Level 27 Long Blades
 + Level 25.7 Armour
 + Level 20.2 Dodging
 O Level 27 Shields


You had 26 spell levels left.
You didn't know any spells.

Dungeon Overview and Level Annotations

Branches:
Dungeon (15/15)            Temple (1/1) D:7            Lair (8/8) D:9
  Swamp (4/4) Lair:3        Snake (4/4) Lair:6        Slime (0/6) Lair:8
    Orc (2/2) D:12            Elf (3/3) Orc:2        Vaults (5/5) D:13
  Crypt (0/3) Vaults:2     Depths (5/5) D:15            Zot (5/5) Depths:5

Altars:
Ashenzari
Cheibriados
Dithmenos
Elyvilon
Fedhas
Gozag
Kikubaaqudgha
Makhleb
Nemelex Xobeh
Okawaru
Pakellas
Qazlal
Ru
Sif Muna
Trog
Vehumet
Xom
Yredelemnul
Zin
The Shining One
Beogh

Shops:
D:5 *   D:7 [   D:15 [   Orc:2 =*=!   Elf:3 :   Snake:2 [   Vaults:3 [
Vaults:4 *   Depths:2 =

Portals:
Hell: Depths:1 Depths:2 Depths:3 Depths:4 Depths:5
Abyss: Depths:2 Depths:3 Depths:4 Depths:5
Pandemonium: Depths:1 Depths:3 Depths:5
Ziggurat: Depths:3

Annotations:
Lair:7 exclusion: oklob plant
Lair:8 exclusion: 3 oklob plants


Innate Abilities, Weirdness & Mutations

You reflexively headbutt those who attack you in melee.
You have a pair of large horns on your head.
You are clumsy. (Dex -2)
Your body sometimes deteriorates upon taking damage.
You regenerate slowly when monsters are visible.
Your muscles are strong. (Str +2)


Message History

The ufetubus closely misses you.
You barely miss the ufetubus.
The ufetubus is lightly wounded.
You block the ufetubus's attack. x2
You hit the ufetubus.
The ufetubus is poisoned.
You headbutt the ufetubus.
You kill the ufetubus!
Trog accepts your kill.
Key pressed, stopping travel.
A rust devil comes into view.
A sixfirhy comes into view.
You block the sixfirhy's attack. x2
You block the sixfirhy's attack. x3
An Orb Guardian comes into view.
You block the Orb Guardian's attack.
There is a staircase leading out of the dungeon here.
You block the sixfirhy's attack. x2
The sixfirhy hits you but does no damage.
The sixfirhy hits you. The sixfirhy shocks you. You resist.
The Orb Guardian hits you.
You have escaped!

5.###.##########.##########......
..# #.##.................##...#.#
..# #.#.#.......#.......#.#......
..###.#..#.....#...#...#..#.>.#.#
......#...#...#...#...#...#......
..###.#....#.#...#...#....#....(.
..# #.#4#...#...#.#.#.(...#......
..# #.#..#.#...#...#......#.#.#.#
..# #.....#4..#4@...#.#...#.#.#.#
..# #.#..#.#.#4#X....#...........
..# #.#.....#...#...#.....#.#.#.#
..###.#.....##.....##.....#.....#
......#....#..#...#..#....#.#.###
......#...#....#.#....#...#......
.####.#..#......#......#..#.#.###
......#.#........#......#.#......
########..........#......##.#.###


You could see an Orb Guardian, a rust devil and a sixfirhy.

Vanquished Creatures
  2 pandemonium lords
  5 orbs of fire
  Mara (Vaults:3)
  Mennas (Depths:5)
  A juggernaut (Depths:1)
  7 ancient liches
  Saint Roka (Vaults:5)
  Margery (Vaults:3)
  4 Killer Klowns
  5 curse toes
  A caustic shrike (Depths:3)
  Nikola (Swamp:2)
  12 golden dragons
  A bone dragon (Zot:1)
  4 electric golems
  13 tentacled monstrosities
  28 Orb Guardians
  3 quicksilver dragons (Vaults:5)
  8 titans
  2 deep elf master archers (Elf:3)
  7 liches
  8 sphinxes
  A deep elf blademaster (Elf:3)
  Frances (Elf:1)
  Gastronok (D:9)
  10 death cobs
  2 thorn hunters
  A storm dragon (shapeshifter) (Vaults:5)
  5 tengu reavers
  15 shadow dragons
  12 storm dragons
  Kirke (Snake:3)
  8 greater nagas
  10 draconian monks
  Wiglaf (Depths:1)
  Donald (Elf:3)
  10 fire giants
  13 deep elf sorcerers
  7 draconian zealots
  3 ghost moths
  2 draconian knights
  Maud (D:13)
  8 frost giants
  A ghoul (Depths:4)
  2 draconian shifters
  2 iron dragons (Zot:1)
  3 deep elf elementalists
  5 draconian scorchers
  18 vault wardens
  The ghost of IcyTea the Fencer, a journeyman HOFi of Beogh (Swamp:2)
  A caustic shrike skeleton (Depths:4)
  2 caustic shrike zombies
  A reaper (Depths:3)
  2 spriggan defenders (Depths:5)
  11 ironheart preservers
  3 draconian callers
  A draconian annihilator (Zot:3)
  3 war gargoyles (Vaults:5)
  27 stone giants
  A juggernaut skeleton (Depths:3)
  28 very ugly things
  10 black draconians
  3 deep elf demonologists (Elf:3)
  The ghost of P0WERM0DE the Archer, a journeyman CeHu of Yredelemnul (Lair:5)
  11 green draconians
  8 deep elf annihilators
  5 vampire knights
  9 spark wasps
  A salamander stormcaller (Vaults:5)
  A lorocyproca (Zot:1)
  8 mottled draconians
  4 yellow draconians
  Azrael (D:13)
  7 purple draconians
  9 white draconians
  7 red draconians
  Snorg (D:10)
  A merfolk impaler (Depths:2)
  5 deep elf death magi
  44 vault guards
  17 ettins
  2 jiangshi (Depths:3)
  The ghost of ponynephrine the Basher, a journeyman HuWn of Makhleb (IceCv)
  17 ogre magi
  20 fire dragons
  18 ice dragons
  11 yaktaur captains
  7 entropy weavers
  6 deep elf high priests
  9 great orbs of eyes
  17 naga warriors
  28 hydras
  A quicksilver dragon skeleton (Depths:3)
  5 rakshasas
  3 ghost crabs
  A juggernaut simulacrum (Depths:4)
  4 spriggan air magi
  Erica (D:8)
  An anaconda (shapeshifter) (Vaults:3)
  13 anacondas
  5 alligators
  4 death knights
  8 centaur warriors
  3 catoblepae (Lair:8)
  27 dancing weapons
  4 tengu warriors
  12 death yaks
  A vampire mage (Depths:3)
  A titan zombie (Depths:4)
  12 deep troll earth magi
  A hell hog (Zot:3)
  An orc high priest (Orc:2)
  15 naga sharpshooters
  14 deep troll shamans
  22 deep elf knights
  4 soul eaters
  A storm dragon zombie (Depths:4)
  2 shadow wraiths
  7 shock serpents
  16 hell knights
  3 spriggan berserkers
  4 iron trolls
  A fire crab (Vaults:1)
  3 skeletal warriors (D:15)
  A storm dragon skeleton (Depths:4)
  An unseen horror (shapeshifter) (Depths:3)
  A golden dragon zombie (Depths:4)
  3 salamander mystics
  5 giant orange brains
  2 flayed ghosts
  A giant orange brain (shapeshifter) (Depths:3)
  10 swamp dragons
  5 hill giants
  A spark wasp zombie (Depths:4)
  A shambling mangrove (Swamp:2)
  39 deep trolls
  3 spriggan druids
  6 phantasmal warriors
  8 naga ritualists
  7 unseen horrors
  A sphinx zombie (Depths:4)
  12 ironbrand convokers
  An obsidian statue (Zot:5)
  2 tengu zombies (Depths:4)
  12 deep elf archers
  The ghost of dracos369 the Ruffian, a novice HOMo of Zin (D:5)
  6 necromancers
  A lindwurm (Lair:6)
  10 orc knights
  A stone giant zombie (Vaults:3)
  6 orc sorcerers
  72 deep elf magi
  8 hornets
  8 mana vipers
  An iron dragon zombie (Depths:4)
  44 ugly things
  A harpy (shapeshifter) (D:14)
  A mana viper (shapeshifter) (Depths:4)
  5 wolf spiders
  A shadow dragon skeleton (Depths:3)
  A fire giant zombie (Depths:4)
  3 cyclopes
  9 salamanders
  A tengu skeleton (Depths:4)
  4 griffons
  A manticore (shapeshifter) (Vaults:5)
  An elephant (shapeshifter) (Depths:1)
  A frost giant zombie (Depths:4)
  2 ice statues (IceCv)
  A water nymph (shapeshifter) (Vaults:4)
  Maurice (D:8)
  5 guardian serpents
  32 moths of wrath
  2 sixfirhies
  Joseph (D:7)
  3 elephants (Lair:7)
  14 vault sentinels
  3 manticores
  A torpor snail (Lair:4)
  52 black mambas
  19 naga magi
  4 orange demons
  26 spiny frogs
  2 gargoyles
  2 spriggan skeletons (Depths:4)
  A hellion (Depths:5)
  4 rime drakes
  A komodo dragon (shapeshifter) (Depths:4)
  2 spiny frogs (shapeshifter) (Vaults:2)
  An ice devil (Zot:2)
  3 kobold demonologists
  5 freezing wraiths
  A guardian mummy (Zot:1)
  6 komodo dragons
  51 yaktaurs
  6 hellwings
  2 efreet
  A tengu conjurer (Depths:3)
  3 trolls
  2 red devils (Depths:1)
  A troll (shapeshifter) (Vaults:5)
  2 human skeletons (Vaults:3)
  21 two-headed ogres
  2 jumping spiders
  A polar bear (D:15)
  3 wolf spider simulacra (D:15)
  Prince Ribbit (D:5)
  7 giant leeches
  21 blink frogs
  A sphinx simulacrum (Depths:4)
  55 slime creatures
  A wind drake (shapeshifter) (Vaults:3)
  6 boulder beetles
  A hornet zombie (D:15)
  9 bog bodies
  2 flying skulls (Depths:4)
  20 redbacks
  4 wraiths
  A tarantella (Vaults:3)
  A centaur simulacrum (D:15)
  4 spriggans
  A vampire (D:13)
  10 air elementals
  A shadow (D:15)
  2 elf skeletons (Depths:4)
  7 large abominations
  4 fire bats (D:13)
  A ynoxinul (Depths:5)
  7 fire elementals
  12 water elementals
  60 yaks
  Grum (D:9)
  2 wyverns
  A golden eye (shapeshifter) (Elf:2)
  2 basilisks
  4 chaos spawn (Depths:2)
  8 hippogriffs
  2 hungry ghosts
  A human simulacrum (Vaults:2)
  28 vampire mosquitoes
  2 redback simulacra
  16 swamp worms
  An insubstantial wisp (Lair:6)
  7 wargs
  2 mottled dragons
  43 nagas
  A hell hound (D:13)
  A water moccasin (shapeshifter) (Depths:3)
  22 water moccasins
  12 porcupines
  7 small abominations
  2 black bears
  14 ice beasts
  44 orc warriors
  A black bear (shapeshifter) (Vaults:4)
  2 phantoms
  16 swamp drakes
  A human zombie (Vaults:3)
  6 wasps
  2 necrophages (D:9)
  An eye of draining (D:12)
  20 boggarts
  12 wolves
  68 ogres
  19 centaurs
  20 crocodiles
  2 elf zombies
  3 big kobolds
  Blork the orc (D:4)
  12 giant frogs
  A wyvern skeleton (D:14)
  3 scorpions
  5 killer bees (D:12)
  4 wights (D:9)
  An electric eel (Lair:2)
  13 crimson imps
  5 centaur zombies
  A giant frog zombie (D:12)
  2 lava snakes (D:13)
  3 quasits (Depths:5)
  9 hounds
  2 jellies
  29 orc priests
  Crazy Yiuf (D:7)
  5 centaur skeletons
  39 orc wizards
  Terence (D:3)
  7 iguanas
  A worker ant (shapeshifter) (Depths:2)
  A hell rat (D:9)
  7 worker ants
  20 sheep
  2 ogre zombies (Ossuary)
  7 mummies (Ossuary)
  A hound skeleton (D:11)
  A worker ant zombie (D:7)
  8 adders
  4 gnolls (D:3)
  A howler monkey skeleton (D:4)
  56 river rats
  5 shadow imps
  21 white imps
  3 ufetubi
  3 adder zombies
  An adder skeleton (D:3)
  A worm (D:4)
  A dart slug (D:1)
  5 giant geckos
  111 orcs
  2 ball pythons (Lair:6)
  9 giant cockroaches
  7 goblins
  7 hobgoblins
  6 jackals
  8 kobolds
  3 quokkas
  6 bats
  7 giant newts
  4 goblin zombies (Ossuary)
  3 hobgoblin zombies (Ossuary)
  4 kobold zombies (Ossuary)
  An orc zombie (Ossuary)
  6 quokka zombies
  10 rats
  5 rat zombies (Ossuary)
  A crawling corpse (Elf:3)
  2 fire vortices (D:13)
  3 plants
2561 creatures vanquished.

Vanquished Creatures (collateral kills)
  the Lernaean hydra (Swamp:4)
  A Killer Klown (Zot:5)
  2 greater nagas (Snake:4)
  2 deep elf elementalists (Elf:3)
  A stone giant (Vaults:4)
  2 deep elf death magi (Elf:1)
  A fire dragon (Zot:5)
  A hydra (Swamp:4)
  3 naga warriors (Snake:4)
  An anaconda (Snake:4)
  A dancing weapon (Elf:3)
  2 naga sharpshooters (Snake:4)
  2 shock serpents (Snake:4)
  2 deep elf knights
  A small abomination (Elf:3)
  2 naga ritualists (Snake:4)
  A deep elf archer (Elf:1)
  2 swamp dragons (Swamp:4)
  A mana viper (Snake:4)
  5 deep elf magi
  2 black mambas (Snake:4)
  A guardian serpent (Snake:3)
  5 naga magi (Snake:4)
  A bog body (Swamp:4)
  9 nagas
  2 swamp drakes (Swamp:4)
  An orc warrior (Orc:2)
  2 orc wizards (Orc:2)
  An orc (Orc:2)
  2 crawling corpses (Elf:3)
60 creatures vanquished.

Vanquished Creatures (others)
  Boris (Vaults:3)
  A tengu reaver (Depths:2)
  A draconian knight (Zot:3)
  A yaktaur captain (Vaults:1)
  A hell hog (Zot:5)
  A salamander (Snake:3)
  A deep elf mage (Elf:1)
  A sixfirhy (D:4)
  A vault sentinel (Vaults:3)
  A yaktaur (Vaults:1)
  A water elemental (Depths:2)
  4 humans (Snake:3)
  A naga (Snake:3)
  An orc warrior (Vaults:5)
  A swamp drake (Lair:6)
  2 boggarts
  An ogre (Vaults:4)
  A centaur (D:13)
  An orc wizard (Orc:2)
  An orc (Vaults:4)
  A fire vortex (D:13)
  2 fungi
  2 plants
29 creatures vanquished.

Grand Total: 2650 creatures vanquished

Notes
Turn   | Place    | Note
--------------------------------------------------------------
     0 | D:1      | Nightblair the Minotaur Berserker began the quest for the Orb.
     0 | D:1      | Reached XP level 1. HP: 19/19 MP: 0/0
   218 | D:1      | Reached XP level 2. HP: 24/26 MP: 1/1
   990 | D:2      | Reached skill level 5 in Long Blades
  1094 | D:2      | Reached XP level 3. HP: 31/31 MP: 2/2
  1187 | D:2      | Reached ** piety under Trog
  1672 | D:3      | Noticed Terence
  1677 | D:3      | Killed Terence
  1677 | D:3      | Reached XP level 4. HP: 34/39 MP: 3/3
  1780 | D:3      | Reached XP level 5. HP: 45/45 MP: 4/4
  2134 | D:3      | Reached *** piety under Trog
  2153 | D:3      | Reached XP level 6. HP: 37/51 MP: 5/5
  2459 | D:4      | Found a sparkling altar of Nemelex Xobeh.
  2891 | D:4      | Noticed Blork the orc
  2899 | D:4      | Killed Blork the orc
  3168 | D:4      | Reached XP level 7. HP: 46/57 MP: 6/6
  3545 | D:5      | Entered Level 5 of the Dungeon
  3545 | D:5      | Found a burning altar of Makhleb.
  3550 | D:5      | Found a sand-covered staircase.
  3559 | Ossuary  | Entered an ossuary
  3712 | Ossuary  | Reached skill level 10 in Long Blades
  3964 | D:5      | Noticed dracos369's ghost (novice HOMo)
  4209 | D:5      | Found Noyhujee's General Store.
  4217 | D:5      | Bought a +1 pair of gloves of dexterity for 247 gold pieces
  4305 | D:5      | Noticed Prince Ribbit
  4352 | D:5      | Reached XP level 8. HP: 56/64 MP: 7/7
  4506 | D:5      | Killed dracos369's ghost
  4651 | D:5      | Killed Prince Ribbit
  5024 | D:6      | Reached **** piety under Trog
  5045 | D:6      | You fall through a shaft for 2 floors!
  5052 | D:8      | Noticed Erica
  5061 | D:8      | Reached XP level 9. HP: 84/84 MP: 8/8
  5069 | D:8      | Killed Erica
  5370 | D:8      | Noticed Maurice
  5413 | D:7      | Found Puicouwn's Armour Shoppe.
  5415 | D:7      | Noticed Joseph
  5425 | D:7      | Killed Joseph
  5783 | D:7      | Noticed Crazy Yiuf
  5786 | D:7      | Killed Crazy Yiuf
  5837 | D:7      | Found a radiant altar of Vehumet.
  5861 | D:7      | Found a staircase to the Ecumenical Temple.
  6187 | Temple   | Entered the Ecumenical Temple
  7013 | D:8      | Reached XP level 10. HP: 101/101 MP: 9/9
  7038 | D:8      | Killed Maurice
  7316 | D:9      | Found a staircase to the Lair.
  7318 | D:9      | Noticed a spiny frog
  7326 | D:9      | Killed a spiny frog
  7363 | D:9      | Reached skill level 15 in Fighting
  7434 | D:9      | Noticed Grum
  7441 | D:9      | Killed Grum
  7565 | D:9      | Noticed Gastronok
  7576 | D:9      | Killed Gastronok
  7576 | D:9      | Reached ***** piety under Trog
  7576 | D:9      | Reached XP level 11. HP: 70/115 MP: 10/10
  7738 | Lair:1   | Entered Level 1 of the Lair of Beasts
  7738 | Lair:1   | Noticed a seven-headed hydra
  7775 | D:10     | Entered Level 10 of the Dungeon
  8053 | D:10     | Noticed Snorg
  8069 | D:10     | Killed Snorg
  8069 | D:10     | Reached skill level 5 in Armour
  8682 | D:11     | Noticed a cyan ugly thing
  8689 | D:11     | Killed a cyan ugly thing
  9337 | D:12     | Reached skill level 10 in Armour
  9461 | D:12     | Found a roughly hewn altar of Beogh.
  9461 | D:12     | Found a staircase to the Orcish Mines.
  9552 | D:12     | Noticed a seven-headed hydra
  9557 | D:12     | Killed a four-headed hydra
  9557 | D:12     | Reached XP level 12. HP: 98/123 MP: 11/11
  9640 | D:12     | Found a roughly hewn altar of Beogh.
  9914 | D:12     | Received a gift from Trog
 10018 | D:12     | Noticed a seven-headed hydra
 10029 | D:12     | Killed a two-headed hydra
 10576 | Lair:1   | Killed a ten-headed hydra
 10736 | Lair:1   | Noticed a four-headed hydra
 10747 | Lair:1   | Killed a one-headed hydra
 11166 | Lair:1   | Reached skill level 5 in Shields
 11394 | Lair:2   | Noticed a five-headed hydra
 11400 | Lair:2   | Killed a three-headed hydra
 11570 | Lair:2   | Noticed a six-headed hydra
 11578 | Lair:2   | Killed a three-headed hydra
 12219 | Lair:3   | Noticed a four-headed hydra
 12227 | Lair:3   | Killed a one-headed hydra
 12227 | Lair:3   | Reached ****** piety under Trog
 12227 | Lair:3   | Reached XP level 13. HP: 130/130 MP: 3/12
 12585 | Lair:3   | Found a staircase to the Swamp.
 12955 | Lair:3   | Received a gift from Trog
 14138 | Lair:5   | Noticed P0WERM0DE's ghost (journeyman CeHu)
 14156 | Lair:5   | Killed P0WERM0DE's ghost
 14414 | Lair:5   | Reached skill level 10 in Shields
 14989 | Lair:6   | Received a gift from Trog
 14989 | Lair:6   | Reached skill level 15 in Long Blades
 15125 | Lair:6   | Found a staircase to the Snake Pit.
 15603 | Lair:6   | Reached XP level 14. HP: 120/138 MP: 4/13
 17032 | Lair:7   | Found a blossoming altar of Fedhas.
 17193 | Lair:8   | Entered Level 8 of the Lair of Beasts
 17236 | Lair:8   | Found a frozen archway.
 17261 | IceCv    | Entered an ice cave
 17299 | IceCv    | Noticed ponynephrine's ghost (journeyman HuWn)
 17309 | IceCv    | Killed ponynephrine's ghost
 17487 | Lair:8   | Found a staircase to the Slime Pits.
 18080 | Lair:8   | Reached skill level 15 in Shields
 18177 | Lair:8   | Received a gift from Trog
 19148 | D:14     | Reached XP level 15. HP: 140/145 MP: 14/14
 19176 | D:14     | Found a burning altar of Makhleb.
 19435 | D:14     | Found a sacrificial altar of Ru.
 19492 | D:15     | Entered Level 15 of the Dungeon
 19640 | D:15     | Got an ichor-stained scale mail
 19641 | D:15     | Identified the +3 scale mail of Bedevilment {rElec Dex+2} (You found it on level 15 of the Dungeon)
 19676 | D:15     | Received a gift from Trog
 19856 | D:15     | Found a staircase to the Depths.
 19856 | D:15     | Noticed a frost giant
 19861 | D:15     | Killed a frost giant
 20034 | D:15     | Found Piwn's Antique Armour Shoppe.
 20256 | D:15     | Gained mutation: You have a pair of large horns on your head. [potion of beneficial mutation]
 20620 | Swamp:1  | Entered Level 1 of the Swamp
 21296 | Swamp:2  | Received a gift from Trog
 21341 | Swamp:2  | Noticed Nikola
 21356 | Swamp:2  | Killed Nikola
 21395 | Swamp:2  | Reached skill level 15 in Armour
 21650 | Swamp:2  | Got a diamond-encrusted scale mail
 21661 | Swamp:2  | Identified the +4 scale mail of the Land of Plenty {Dex+5} (You found it on level 2 of the Swamp)
 21752 | Swamp:2  | Noticed IcyTea's ghost (journeyman HOFi)
 21778 | Swamp:2  | Killed IcyTea's ghost
 22569 | Swamp:3  | Reached XP level 16. HP: 104/157 MP: 15/15
 22600 | Swamp:3  | Noticed a thorn hunter
 22614 | Swamp:3  | Killed a thorn hunter
 22970 | Swamp:4  | Entered Level 4 of the Swamp
 23272 | Swamp:4  | Received a gift from Trog
 23342 | Swamp:4  | Noticed a thorn hunter
 23357 | Swamp:4  | Killed a thorn hunter
 23559 | Swamp:4  | Noticed the 27-headed Lernaean hydra
 23568 | Swamp:4  | Killed the 25-headed Lernaean hydra
 24015 | Swamp:4  | Got a decaying rune of Zot
 24888 | Orc:1    | Entered Level 1 of the Orcish Mines
 24911 | Orc:1    | Received a gift from Trog
 25425 | Orc:2    | Entered Level 2 of the Orcish Mines
 25579 | Orc:2    | Found a staircase to the Elven Halls.
 25610 | Orc:2    | Received a gift from Trog
 25831 | Orc:2    | Found Gaempapa's Jewellery Shop.
 25832 | Orc:2    | Found Buluqah's Jewellery Boutique.
 25835 | Orc:2    | Found Ujus's Assorted Antiques.
 25835 | Orc:2    | Found Lyjebb's Distillery.
 26021 | Orc:2    | Found a bloodstained altar of Trog.
 26131 | Elf:1    | Entered Level 1 of the Elven Halls
 26154 | Elf:1    | Received a gift from Trog
 26533 | Elf:1    | Reached XP level 17. HP: 168/168 MP: 16/16
 26698 | Elf:1    | Noticed Frances
 26712 | Elf:1    | Killed Frances
 26820 | Elf:1    | Received a gift from Trog
 27376 | Elf:2    | Found a runed gate.
 27376 | Elf:2    | Found a runed gate.
 27376 | Elf:2    | Found a runed gate.
 28091 | Snake:1  | Entered Level 1 of the Snake Pit
 28865 | Snake:2  | Found Fenodisi's Antique Armour Shop.
 28865 | Snake:2  | Found a shimmering altar of Xom.
 29346 | Snake:2  | Received a gift from Trog
 30308 | Snake:3  | Reached XP level 18. HP: 168/180 MP: 17/17
 30362 | Snake:3  | Noticed Kirke
 30366 | Snake:3  | Cast into level 3 of the Abyss (naga warrior)
 30421 | Snake:3  | Escaped the Abyss
 30430 | Snake:3  | Killed Kirke
 30796 | Snake:3  | Received a gift from Trog
 31439 | Snake:4  | Entered Level 4 of the Snake Pit
 32497 | Snake:3  | Received a gift from Trog
 32853 | Snake:3  | Got a smoking falchion {god gift}
 32959 | Snake:4  | Identified the +5 falchion "Angoch" {elec, rElec} (Trog gifted it to you on level 3 of the Snake Pit)
 33459 | Snake:4  | Gained mutation: Your muscles are strong. (Str +2) [potion of beneficial mutation]
 33498 | Snake:4  | Got a serpentine rune of Zot
 33520 | Snake:4  | Received a gift from Trog
 34100 | Depths:1 | Entered Level 1 of the Depths
 34187 | Depths:1 | Reached XP level 19. HP: 106/190 MP: 18/18
 34776 | Depths:1 | Received a gift from Trog
 34928 | Depths:1 | Noticed Wiglaf
 34941 | Depths:1 | Killed Wiglaf
 35077 | Depths:1 | Found a gateway to Hell.
 35150 | Depths:1 | Found a one-way gate leading to the halls of Pandemonium.
 35933 | Depths:2 | Noticed a juggernaut
 35948 | Depths:1 | Killed a juggernaut
 36182 | Depths:2 | Received a gift from Trog
 36611 | Depths:2 | Found Utzas's Jewellery Emporium.
 36614 | Depths:2 | Reached XP level 20. HP: 202/202 MP: 19/19
 36754 | Depths:2 | Bought the ring of Shadows {Umbra +Inv rN+ SInv} for 840 gold pieces
 36776 | Depths:2 | Received a gift from Trog
 37461 | Depths:2 | Found a one-way gate to the infinite horrors of the Abyss.
 37747 | Depths:3 | Received a gift from Trog
 37796 | Depths:3 | Found a gateway to a ziggurat.
 37985 | Depths:3 | Found a shattered altar of Ashenzari.
 38012 | Depths:3 | Noticed a Tzitzimitl
 38672 | Depths:3 | Noticed a caustic shrike
 38684 | Depths:3 | Killed a caustic shrike
 38976 | Depths:3 | Noticed a Tzitzimitl
 39211 | Depths:3 | Reached XP level 21. HP: 198/213 MP: 20/20
 39400 | Depths:4 | Received a gift from Trog
 39536 | Depths:4 | Found a flickering gateway to a bazaar.
 39569 | Bazaar   | Entered a bazaar
 39573 | Bazaar   | Found Ecraih's Jewellery Boutique.
 39591 | Bazaar   | Found Xuybau's Assorted Antiques.
 39608 | Bazaar   | Found Acefiliu's Book Boutique.
 39625 | Bazaar   | Found Ruobaro's Book Shoppe.
 39647 | Bazaar   | Bought the amulet of the Rabble {Dismiss rN++ MR++ MP+9} for 614 gold pieces
 39647 | Bazaar   | Bought the ring of Jischitwi {rCorr Str+7 Stlth-} for 443 gold pieces
 40254 | Depths:4 | Noticed a golden dragon
 40271 | Depths:4 | Killed a golden dragon
 40417 | Depths:3 | Identified a scroll of acquirement
 41183 | Depths:4 | Received a gift from Trog
 41197 | Depths:5 | Entered Level 5 of the Depths
 41741 | Depths:5 | Received a gift from Trog
 41745 | Depths:5 | Got a jewelled falchion {god gift}
 41746 | Depths:5 | Identified the +7 falchion of Uhiuqine {slice, rElec Int+2 Stlth+} (Trog gifted it to you on level 5 of the Depths)
 41748 | Depths:5 | Noticed Mennas
 41763 | Depths:5 | Killed Mennas
 41776 | Depths:5 | Reached XP level 22. HP: 215/224 MP: 21/21
 42923 | Depths:5 | Found a gate to the Realm of Zot.
 42969 | Depths:5 | Received a gift from Trog
 44403 | Elf:3    | Entered Level 3 of the Elven Halls
 44473 | Elf:3    | Found Sedeomp's Book Shop.
 44566 | Elf:3    | Noticed Donald
 44575 | Elf:3    | Received a gift from Trog
 44584 | Elf:3    | Killed Donald
 45649 | Elf:3    | Received a gift from Trog
 46137 | Elf:3    | Got a bound copper amulet
 46138 | Elf:3    | Got a slimy long sword {elec}
 46142 | Elf:3    | Identified the cursed +1 long sword of Painful Death {elec, +Fly Str+5} (You took it off a deep elf high priest on level 3 of the Elven Halls)
 46161 | Elf:3    | Reached XP level 23. HP: 223/232 MP: 22/22
 46378 | Elf:3    | Identified the Papyrus of Necromancy
 46422 | Elf:3    | Identified the amulet "Mib Iduvumm" {Dismiss +Inv rPois Stlth+} (You took it off a deep elf high priest on level 3 of the Elven Halls)
 46500 | Elf:3    | Received a gift from Trog
 46543 | Elf:3    | Got a faintly glowing marble ring
 46560 | Elf:3    | Got a bound lead ring
 46607 | Elf:3    | Got a twitching golden ring
 46755 | Elf:3    | Identified the ring of Dawn {rPois rC++ MP-9 SInv Stlth-} (You found it on level 3 of the Elven Halls)
 46757 | Elf:3    | Identified the ring "Loett" {rN+ MP+9 Str+4} (You found it on level 3 of the Elven Halls)
 46759 | Elf:3    | Identified the ring "Voddaat" {SustAt rElec MR+ Slay+3 Stlth-} (You took it off a deep elf demonologist on level 3 of the Elven Halls)
 47102 | D:13     | Noticed Maud
 47108 | D:13     | Killed Maud
 47201 | D:13     | Noticed Azrael
 47208 | D:13     | Killed Azrael
 47592 | D:13     | Found a gate to the Vaults.
 48020 | Vaults:1 | Entered Level 1 of the Vaults
 48198 | Vaults:1 | Received a gift from Trog
 48817 | Vaults:1 | Found a burning altar of Makhleb.
 49059 | Vaults:1 | Received a gift from Trog
 49628 | Vaults:2 | Found a staircase to the Crypt.
 49628 | Vaults:2 | Found a basalt altar of Yredelemnul.
 49629 | Vaults:2 | Found an ancient bone altar of Kikubaaqudgha.
 49813 | Vaults:2 | Received a gift from Trog
 49887 | Vaults:2 | Received a gift from Trog
 50353 | Vaults:3 | Noticed Margery
 50356 | Vaults:3 | Received a gift from Trog
 50364 | Vaults:3 | Killed Margery
 50635 | Vaults:3 | Reached XP level 24. HP: 240/240 MP: 22/22
 50697 | Vaults:3 | Noticed Mara
 50711 | Vaults:3 | Noticed Nightblair's illusion
 50740 | Vaults:3 | Killed Mara
 50995 | Vaults:3 | Received a gift from Trog
 51095 | Vaults:3 | Noticed Boris
 51108 | Vaults:3 | Killed Boris
 51722 | Vaults:3 | Found Ushuem's Armour Boutique.
 51771 | Vaults:3 | Received a gift from Trog
 52283 | Vaults:4 | Found Guti's General Store.
 52964 | Vaults:4 | Received a gift from Trog
 53234 | Vaults:5 | Entered Level 5 of the Vaults
 53355 | Vaults:4 | Reached skill level 27 in Shields
 53640 | Vaults:5 | Reached skill level 5 in Dodging
 53668 | Vaults:5 | Noticed an ancient lich
 54002 | Vaults:5 | Killed an ancient lich
 54011 | Vaults:5 | Noticed Saint Roka
 54145 | Vaults:5 | Reached XP level 25. HP: 250/250 MP: 22/22
 54156 | Vaults:5 | Killed Saint Roka
 54577 | Vaults:4 | Received a gift from Trog
 55283 | Vaults:5 | Got a silver rune of Zot
 55320 | Vaults:5 | Received a gift from Trog
 55587 | Vaults:5 | Identified the Volume of Scorching Dislocation
 55919 | Vaults:5 | Reached skill level 10 in Dodging
 57332 | Zot:1    | Entered Level 1 of the Realm of Zot
 57974 | Zot:1    | Reached XP level 26. HP: 262/262 MP: 22/22
 58959 | Zot:2    | Received a gift from Trog
 59806 | Zot:2    | Reached skill level 27 in Fighting
 61157 | Zot:3    | Received a gift from Trog
 61268 | Zot:3    | Noticed an orb of fire
 61276 | Zot:3    | Killed an orb of fire
 61357 | Zot:4    | Reached skill level 27 in Long Blades
 61445 | Zot:4    | Reached skill level 15 in Dodging
 61826 | Zot:4    | Noticed an orb of fire
 61876 | Zot:4    | Reached XP level 27. HP: 161/273 MP: 22/22
 62580 | Zot:4    | Gained mutation: Your body sometimes deteriorates upon taking damage. [an orb of fire]
 63030 | Zot:4    | Killed an orb of fire
 63113 | Zot:5    | Entered Level 5 of the Realm of Zot
 63381 | Zot:5    | Noticed an orb of fire
 63382 | Zot:5    | Gained mutation: You are clumsy. (Dex -2) [an orb of fire]
 63395 | Zot:5    | Killed an orb of fire
 63466 | Zot:5    | Noticed an ancient lich
 63474 | Zot:5    | Killed an ancient lich
 63490 | Zot:5    | Noticed an orb of fire
 63491 | Zot:5    | Noticed an ancient lich
 63500 | Zot:5    | Killed an orb of fire
 63505 | Zot:5    | Killed an ancient lich
 63511 | Zot:5    | Noticed an ancient lich
 63517 | Zot:5    | Killed an ancient lich
 63656 | Zot:5    | Received a gift from Trog
 63707 | Zot:5    | Noticed an ancient lich
 63716 | Zot:5    | Killed an ancient lich
 63745 | Zot:5    | Noticed an ancient lich
 63746 | Zot:5    | Noticed an orb of fire
 63747 | Zot:5    | Gained mutation: You regenerate slowly when monsters are visible. [an orb of fire]
 63750 | Zot:5    | Noticed an ancient lich
 63754 | Zot:5    | Killed an ancient lich
 63875 | Zot:5    | Killed an orb of fire
 63896 | Zot:5    | Killed an ancient lich
 64956 | Zot:5    | Got the Orb of Zot
 64968 | Zot:5    | Noticed Torchipa the pandemonium lord
 65028 | Zot:4    | Noticed a seraph
 65058 | Zot:2    | Noticed Otsowayl the pandemonium lord
 65080 | Zot:2    | Killed Otsowayl the pandemonium lord
 65165 | Depths:5 | Noticed a juggernaut
 65266 | Depths:1 | Noticed Xymip the pandemonium lord
 65279 | Depths:1 | Noticed Kolathra the pandemonium lord
 65305 | D:15     | Killed Xymip the pandemonium lord
 65579 | D:4      | Noticed Waifinip the pandemonium lord
 65670 | D:$      | Escaped with the Orb!

Skill      XL: |  1  2  3  4  5  6  7  8  9 10 11 12 13 14 15 16 17 18 19 20 21 22 23 24 25 26 27 |
---------------+----------------------------------------------------------------------------------+-----
Long Blades    | 4 5 6 8 9 11 12 15 16 18 19 20 21 22 24 25 27 | 27.0
Fighting       | 9 13 16 18 19 20 21 22 23 24 25 26 27 | 27.0
Armour         | 11 13 15 17 18 19 20 22 25 | 25.7
Dodging        | 3 6 11 15 20 | 20.2
Shields        | 7 11 16 17 21 24 27 | 27.0

Action                   |  1- 3 |  4- 6 |  7- 9 | 10-12 | 13-15 | 16-18 | 19-21 | 22-24 | 25-27 || total
-------------------------+-------+-------+-------+-------+-------+-------+-------+-------+-------++-------
Melee: Falchion          |    84 |   120 |   188 |       |       |       |       |       |       ||   392
       Headbutt          |    13 |    25 |    62 |   148 |   394 |   438 |   545 |   603 |   560 ||  2788
       Scimitar          |       |       |    70 |   384 |   127 |    52 |       |       |       ||   633
       Demon blade       |       |       |       |   122 |  1105 |  1329 |  1401 |  1824 |  1407 ||  7188
Throw: Tomahawk          |       |       |       |     2 |       |       |     2 |       |       ||     4
Invok: Berserk           |       |     3 |     5 |     5 |     2 |     4 |    18 |     6 |    12 ||    55
       Burn Spellbooks   |       |       |       |     2 |     3 |     6 |     3 |    10 |     4 ||    28
       Brothers in Arms  |       |       |       |       |     1 |    13 |       |     5 |     3 ||    22
       Trog's Hand       |       |       |       |       |       |     5 |       |       |     2 ||     7
Evoke: Wand              |       |       |     2 |     4 |     3 |     4 |     3 |     1 |     1 ||    18
       Sack of spiders   |       |       |       |       |       |       |     2 |       |       ||     2
       Phial of floods   |       |       |       |       |       |       |       |     1 |       ||     1
       Deck              |       |       |       |       |       |       |       |       |     2 ||     2
       Phantom mirror    |       |       |       |       |       |       |       |       |     1 ||     1
  Use: Scroll            |       |       |    13 |    10 |     8 |    11 |     6 |    10 |    12 ||    70
       Potion            |       |       |       |       |     1 |     4 |     2 |     3 |     3 ||    13
 Stab: Confused          |       |       |       |       |     1 |     2 |       |       |       ||     3
       Distracted        |       |       |       |       |       |     2 |     1 |       |       ||     3
       Paralysed         |       |       |       |       |       |       |       |     1 |       ||     1
  Eat: Chunk             |     2 |     8 |    13 |    18 |    31 |    25 |    33 |    37 |    12 ||   179
       Fruit             |       |       |     4 |     7 |       |    10 |     1 |     1 |    17 ||    40
       Beef jerky        |       |       |       |       |     3 |     3 |     5 |     2 |     2 ||    15
       Pizza             |       |       |       |       |       |     1 |     1 |     1 |     1 ||     4
       Bread ration      |       |       |       |       |       |     1 |       |     1 |       ||     2
       Royal jelly       |       |       |       |       |       |     1 |       |     1 |       ||     2
       Meat ration       |       |       |       |       |       |       |       |       |     4 ||     4
Armor: Animal skin       |     1 |       |       |       |       |       |       |       |       ||     1
       Ring mail         |    20 |    33 |    67 |    41 |       |       |       |       |       ||   161
       Gold dragon armou |       |       |       |   399 |   740 |   808 |   867 |   696 |   469 ||  3979
Dodge: Dodged            |    48 |    51 |    97 |   236 |   310 |   385 |   513 |   354 |   433 ||  2427
Block: Shield            |       |       |       |       |   451 |  1079 |  1050 |   823 |       ||  3403
       Large shield      |       |       |       |       |       |       |       |   770 |  1743 ||  2513
